 Dungeon Crawl Stone Soup version 0.21-a0-251-g5e8393f (webtiles) character file.

15052 tof the Grappler (level 11, -5/111 HPs)
             Began as a Troll Berserker on Sept 5, 2017.
             Was a High Priest of Trog.
             Slain by Prince Ribbit (7 damage)
             ... on level 1 of the Lair of Beasts.
             The game lasted 00:24:38 (10178 turns).

tof the Grappler (Troll Berserker)                 Turns: 10178, Time: 00:24:39

Health: -5/111     AC:  8    Str: 27    XL:     11   Next: 96%
Magic:  10/10      EV: 14    Int:  4    God:    Trog [*****.]
Gold:   673        SH: 16    Dex: 13    Spells: 10/10 levels left

rFire    . . .     SeeInvis .     - Unarmed
rCold    + . .     Gourm    +   L - +0 large shield (curse)
rNeg     . . .     Faith    .   O - +0 troll leather armour
rPois    .         Spirit   .   (helmet restricted)
rElec    .         Reflect  .   s - +0 cloak
rCorr    .         Harm     .   (gloves unavailable)
MR       .....                  (boots unavailable)
Stlth    +.........             (no amulet)
HPRegen  1.08/turn              R - +3 ring of evasion
MPRegen  0.12/turn              H - ring "Noplooq" {rC+ Dex+2 Slay+2, =R}

@: marked
A: unfitting armour, claws 3, fast metabolism 3, gourmand, regeneration 1,
shaggy fur 1, tough skin 2
a: Berserk, Trog's Hand, Brothers in Arms, Burn Spellbooks, Renounce Religion


You were on level 1 of the Lair of Beasts.
You worshipped Trog.
Trog was extremely pleased with you.
You were very full.

You visited 2 branches of the dungeon, and saw 12 of its levels.
You also visited: Sewer.

You collected 673 gold pieces.

Inventory:

Armour
 a - a +0 animal skin
 s - a +0 cloak (worn)
 L - a cursed +0 large shield (worn)
 O - a +0 troll leather armour (worn)
 Q - a +0 robe of magic resistance
Jewellery
 k - a +3 ring of protection
 y - an uncursed ring of protection from fire
 H - the ring "Noplooq" (right claw) {rC+ Dex+2 Slay+2, =R}
   (You found it on level 8 of the Dungeon)

   [ring of slaying]

   It affects your dexterity (+2).
   It affects your accuracy and damage with ranged weapons and melee attacks
   (+2).
   It protects you from cold.
 R - a +3 ring of evasion (left claw)
Wands
 q - a wand of digging (12/24)
 u - a wand of flame (30/48)
 v - a wand of lightning (6/15)
 K - a wand of iceblast (10/15)
 T - a wand of paralysis (10/24)
Scrolls
 c - 5 scrolls of remove curse
 e - a scroll of recharging
 f - 4 scrolls of blinking
 g - 4 scrolls of magic mapping
 i - 2 scrolls of fog
 n - 4 scrolls of amnesia
 t - 3 scrolls of teleportation {unknown}
 C - 2 scrolls of enchant armour
 F - a scroll of torment {unknown}
 M - a scroll of immolation {unknown}
 P - a scroll of silence {unknown}
Potions
 d - 5 potions of heal wounds {unknown}
 l - 3 potions of curing {unknown}
 m - 2 potions of invisibility {unknown}
 p - 2 potions of lignification {unknown}
 r - a potion of haste {unknown}
 w - 3 potions of flight {unknown}
 A - a potion of magic {unknown}
 D - 2 potions of might {unknown}
 E - 2 potions of degeneration {unknown}
 G - a potion of mutation {unknown}
 J - a potion of agility {unknown}
 N - 2 potions of brilliance {unknown}
Books
 o - a book of Battle

   Spells                             Type                      Level
   a - Infusion                       Charms                       1
   b - Shroud of Golubria             Charms/Translocation         2
   c - Song of Slaying                Charms                       2
   d - Spectral Weapon                Hexes/Charms                 3
   e - Regeneration                   Charms/Necromancy            3
   Trog disapproves of the use of such an item.
 B - a book of Maledictions

   Spells                             Type                      Level
   a - Corona                         Hexes                        1
   b - Ensorcelled Hibernation        Hexes/Ice                    2
   c - Confuse                        Hexes                        3
   d - Tukima's Dance                 Hexes                        3
   e - Dazzling Spray                 Conjuration/Hexes            3
   Trog disapproves of the use of such an item.
 I - a book of Geomancy

   Spells                             Type                      Level
   a - Sandblast                      Earth                        1
   b - Passwall                       Transmutation/Earth          2
   c - Stone Arrow                    Conjuration/Earth            3
   d - Petrify                        Transmutation/Earth          4
   e - Lee's Rapid Deconstruction     Earth                        5
   Trog disapproves of the use of such an item.
Comestibles
 b - 13 bread rations
 h - 9 meat rations
 j - 6 royal jellies
 z - 16 fruits


   Skills:
 + Level 8.1 Fighting
 + Level 1.5 Armour
 + Level 7.9 Dodging
 * Level 6.1 Shields
 * Level 12.8 Unarmed Combat


You had 10 spell levels left.
You didn't know any spells.

Dungeon Overview and Level Annotations

Branches:
Dungeon (11/15)            Temple (0/1) D:4            Lair (1/6) D:10
    Orc (0/2) D:11

Altars:
Cheibriados
Elyvilon
Hepliaklqana
Nemelex Xobeh
Okawaru
Uskayaw
Wu Jian
The Shining One

Shops:
D:6 =   D:7 =

Annotations:
Lair:1 Prince Ribbit


Innate Abilities, Weirdness & Mutations

You are too large for most types of armour.
You have claws for hands.
Your metabolism is lightning-fast.
You like to eat raw meat.
Your natural rate of healing is unusually fast.
You are covered in fur. (AC +1)
You have very tough skin. (AC +2)


Message History

The nine-headed hydra bites you. The nine-headed hydra bites you!
* * * LOW HITPOINT WARNING * * *
The nine-headed hydra bites you.
* * * LOW HITPOINT WARNING * * *
The nine-headed hydra bites you!
* * * LOW HITPOINT WARNING * * *
The nine-headed hydra barely misses you. x2
The nine-headed hydra bites you.
* * * LOW HITPOINT WARNING * * *
The nine-headed hydra bites you!
* * * LOW HITPOINT WARNING * * *
The blink frog blinks!
The porcupine barely misses you.
Unknown command.
As you read the scroll of fear, it crumbles to dust.
You assume a fearsome visage.
Prince Ribbit resists with some effort.
The blink frog looks frightened! x4; The black mamba looks frightened!
The nine-headed hydra looks frightened!
The hippogriff looks frightened!
The porcupine looks frightened!
The water moccasin looks frightened!
The blink frog blinks! x2; Prince Ribbit hits you!
You die...

......................P# ......
......................## ##.....
#.###.##P#.##..........####......
..###.####...P...................
......####.......................
......##.##.........≈........!...
####..........#P...§≈≈≈r.........
#...#.##...##SF≈≈≈≈≈..........
#..P#####..#.@F.≈H≈≈≈.........
.....######..#SrD.≈≈≈≈≈.........
###...P#.......§..≈≈≈≈≈≈.........
#.......≈≈≈≈....≈≈≈≈≈≈.P.......
........≈≈#≈...≈≈≈≈≈≈≈.#.......
#........≈≈≈≈...≈≈≈≈≈...........
#....###.......#..≈≈..#.#.......
...........F...P#.##.....#
..........#....## ......


You could see a nine-headed hydra (fleeing), a hippogriff (fleeing), Prince
Ribbit, a black mamba (fleeing), 2 blink frogs, a water moccasin (fleeing) and 2
porcupines.

Vanquished Creatures
  Fannar (D:11)
  A catoblepas (D:9)
  3 two-headed ogres
  An unseen horror (D:11)
  Pikel (D:5)
  An ugly thing (D:11)
  3 centaur zombies
  4 yaktaurs (D:11)
  2 trolls
  2 hippogriffs (D:10)
  A meliai zombie (D:11)
  A vampire (D:11)
  A wyvern (D:10)
  2 basilisks (D:10)
  3 yaks
  A spriggan (D:7)
  A steam dragon (D:11)
  A hungry ghost (D:8)
  Edmund (D:4)
  3 vampire mosquitoes
  A water moccasin (Lair:1)
  2 orc warriors
  3 ice beasts
  2 slaves (D:5)
  2 eyes of draining
  3 ogres
  A sky beast (D:10)
  A black bear (D:6)
  2 necrophages
  A phantom (D:10)
  A crocodile (D:11)
  6 centaurs
  A big kobold (Sewer)
  Blork the orc (D:6)
  7 bullfrogs
  4 scorpions
  12 wights
  A howler monkey (D:4)
  7 crimson imps
  3 hounds
  A jelly (D:8)
  A bullfrog skeleton (D:7)
  A quasit (D:9)
  Crazy Yiuf (D:5)
  4 orc priests
  2 centaur skeletons
  An iguana (D:4)
  12 orc wizards
  8 worker ants
  A hound zombie (D:7)
  3 worker ant zombies
  18 adders
  10 gnolls
  A howler monkey skeleton (D:10)
  2 river rats (Sewer)
  A shadow imp (D:11)
  2 oozes
  An adder skeleton (D:7)
  4 worms
  3 dart slugs
  4 leopard geckos
  19 orcs
  10 giant cockroaches
  3 goblins
  4 hobgoblins
  11 jackals
  7 quokkas
  3 ball pythons
  4 bats
  4 frilled lizards
  A jackal skeleton (D:4)
  12 kobolds
  2 leopard gecko skeletons
  A quokka zombie (D:8)
  6 rats
263 creatures vanquished.

Vanquished Creatures (collateral kills)
  A skeletal warrior (D:10)
  A hound (D:9)
  An orc priest (D:9)
  An orc (D:9)
4 creatures vanquished.

Vanquished Creatures (others)
  A hound skeleton (D:5)
  2 adders (D:5)
  A worm (D:5)
  A goblin (D:5)
  A quokka (D:5)
6 creatures vanquished.

Grand Total: 273 creatures vanquished

Notes
Turn   | Place    | Note
-------+----------+-------------------------------------------
     0 | D:1      | tof the Troll Berserker began the quest for the Orb.
     0 | D:1      | Reached XP level 1. HP: 22/22 MP: 0/0
   195 | D:1      | Reached XP level 2. HP: 29/29 MP: 1/1
   623 | D:2      | Found an iron altar of Okawaru.
   753 | D:2      | Reached XP level 3. HP: 36/36 MP: 2/2
   761 | D:2      | Reached ** piety under Trog
  1142 | D:3      | Reached skill level 4 in Unarmed Combat
  1219 | D:3      | Found a snail-covered altar of Cheibriados.
  1228 | D:3      | Reached XP level 4. HP: 44/44 MP: 3/3
  1293 | D:3      | Found a white marble altar of Elyvilon.
  1603 | D:4      | Found a hazy altar of Hepliaklqana.
  1621 | D:4      | Found a staircase to the Ecumenical Temple.
  1651 | D:4      | Reached XP level 5. HP: 51/53 MP: 4/4
  1868 | D:4      | Reached *** piety under Trog
  1868 | D:4      | Reached skill level 5 in Unarmed Combat
  1933 | D:4      | Reached XP level 6. HP: 56/61 MP: 5/5
  1985 | D:4      | Found Ziobbaydak's Antique Armour Emporium.
  2515 | D:5      | Entered Level 5 of the Dungeon
  2519 | D:5      | Noticed Edmund
  2534 | D:4      | Killed Edmund
  2536 | D:4      | Reached skill level 6 in Unarmed Combat
  2603 | D:5      | Reached XP level 7. HP: 67/70 MP: 6/6
  2737 | D:5      | Noticed Pikel
  2759 | D:5      | HP: 1/105 [slave[Pikel] (5)]
  2761 | D:5      | Killed Pikel
  2761 | D:5      | Reached skill level 7 in Unarmed Combat
  2761 | D:5      | Reached XP level 8. HP: 1/79 MP: 7/7
  3137 | D:5      | Found a runed door.
  3141 | D:5      | Noticed Crazy Yiuf
  3146 | D:5      | Killed Crazy Yiuf
  3756 | D:6      | Found a glowing drain.
  3766 | D:6      | Reached skill level 5 in Fighting
  3766 | D:6      | Reached skill level 8 in Unarmed Combat
  3780 | Sewer    | Entered a sewer
  3955 | Sewer    | Reached skill level 5 in Dodging
  4034 | Sewer    | Found a glowing silver altar of Zin.
  4160 | D:6      | Noticed Blork the orc
  4166 | D:6      | Killed Blork the orc
  4191 | D:6      | Reached **** piety under Trog
  4241 | D:6      | Found Utal's Jewellery Emporium.
  4544 | D:6      | Found a glowing golden altar of the Shining One.
  4686 | D:7      | Reached XP level 9. HP: 88/88 MP: 8/8
  4764 | D:7      | Found Noreock's Jewellery Shoppe.
  4773 | D:7      | Reached skill level 9 in Unarmed Combat
  5382 | D:8      | Got a slimy ivory ring
  5384 | D:8      | Identified the ring "Noplooq" {rC+ Dex+2 Slay+2} (You found it on level 8 of the Dungeon)
  5597 | D:8      | Reached skill level 10 in Unarmed Combat
  6052 | D:8      | Found an ornate altar of the Wu Jian Council.
  6052 | D:8      | Found a hide-covered altar of Uskayaw.
  6149 | D:8      | Found a sparkling altar of Nemelex Xobeh.
  6541 | D:9      | Found a runed door.
  6618 | D:9      | Noticed a catoblepas
  6630 | D:9      | Killed a catoblepas
  6630 | D:9      | Reached skill level 1 in Shields
  6630 | D:9      | Reached XP level 10. HP: 10/100 MP: 9/9
  6832 | D:9      | Noticed a two-headed ogre
  6839 | D:9      | Killed a two-headed ogre
  6839 | D:9      | Reached skill level 11 in Unarmed Combat
  7408 | D:10     | Entered Level 10 of the Dungeon
  7488 | D:10     | Noticed a two-headed ogre
  7495 | D:10     | Killed a two-headed ogre
  7537 | D:10     | Found a staircase to the Lair.
  7828 | D:10     | Reached XP level 11. HP: 109/109 MP: 2/10
  8053 | D:10     | Noticed a two-headed ogre
  8057 | D:10     | Killed a two-headed ogre
  8057 | D:10     | Reached ***** piety under Trog
  8075 | D:10     | Reached skill level 12 in Unarmed Combat
  8420 | D:11     | Reached skill level 5 in Shields
  8485 | D:11     | Noticed a brown ugly thing
  8516 | D:11     | Killed a brown ugly thing
  8947 | D:11     | Noticed Fannar
  8971 | D:11     | Killed Fannar
  9272 | D:11     | Killed an unseen horror
  9272 | D:11     | Reached skill level 1 in Armour
  9325 | D:11     | Found a staircase to the Orcish Mines.
  9795 | D:11     | Noticed a skeletal warrior
  9796 | D:11     | Noticed a skeletal warrior
  9800 | D:11     | Noticed a skeletal warrior
  9800 | D:11     | Noticed a skeletal warrior
  9801 | D:11     | Noticed a skeletal warrior
  9875 | D:10     | Killed a skeletal warrior
 10090 | Lair:1   | Entered Level 1 of the Lair of Beasts
 10160 | Lair:1   | Noticed Prince Ribbit
 10171 | Lair:1   | Noticed an eight-headed hydra
 10177 | Lair:1   | HP: 1/111 [nine-headed hydra (10)]
 10178 | Lair:1   | Slain by Prince Ribbit

Vault maps used:
D:1:      dpeg_arrival_pond
D:2:      okawaru_ov_weapons_minmay
D:3:      cheibriados_altar_1, elyvilon_altar_1
D:4:      old_standard_altar, minmay_temple_entry_junction, serial_shops, shop,
          kennysheep_diamond, minivault_26, feat_on_display
D:5:      first_bread, uniq_edmund, uniq_pikel, uniq_crazy_yiuf_cottage
D:6:      cheibrodos_sewer_entry_drain, serial_shops, shop, st_stairs_11,
          tso_metal_star, uniq_blork_the_orc
D:7:      serial_shops, nicolae_shop_temple_entry_statues_fountains, the_bakery
D:8:      gammafunk_temple_overflow_pools, st_stairs_5,
          nemelex_dance_club_becter
D:9:      grunt_decor_arrowhead, minmay_st_funbox
D:10:     david_lair_generic
D:11:     fort_yaktaur, orc_0_dummy, uniq_fannar, uniq_psyche
Lair:1:   patterned_corridor, serial_bayou_shore_b, infiniplex_staircase_pool,
          uniq_prince_ribbit2, uniq_erica
Sewer:    sewer_kobolds

Skill      XL: |  1  2  3  4  5  6  7  8  9 10 11 |
---------------+----------------------------------+-----
Unarmed Combat | 4 5 6 7 8 10 11 12 | 12.8
Fighting       | 3 4 5 6 7 8 |  8.1
Dodging        | 3 4 5 6 7 |  7.9
Shields        | 1 4 6 |  6.1
Armour         | 1 |  1.5

Action                   |  1- 3 |  4- 6 |  7- 9 | 10-12 || total
-------------------------+-------+-------+-------+-------++-------
Melee: Unarmed           |    88 |   121 |   292 |   311 ||   812
       Punch             |       |     2 |    13 |       ||    15
Invok: Berserk           |       |     1 |     2 |     2 ||     5
       Brothers in Arms  |       |       |       |     2 ||     2
       Trog's Hand       |       |       |       |     1 ||     1
  Use: Scroll            |       |     3 |     8 |     1 ||    12
 Stab: Sleeping          |     1 |       |     3 |       ||     4
  Eat: Chunk             |    17 |     9 |    44 |    37 ||   107
Armor: Animal skin       |    32 |    54 |    88 |    26 ||   200
       Robe              |       |       |       |    24 ||    24
       Steam dragon scal |       |       |       |    15 ||    15
       Troll leather arm |       |       |       |     8 ||     8
Dodge: Dodged            |    46 |    71 |   164 |    99 ||   380
Block: Large shield      |       |       |     3 |   219 ||   222

Table legend:
 A = Spawn XP
 B = Non-spawn XP
 C = Spawn XP percentage of total XP
 D = Spawn monster count
 E = Non-spawn monster count
 F = Spawn count percentage of total count
 G = Total turns spent on level
                    A         B        C        D         E        F      G
               +---------+---------+-------+---------+---------+-------+---------
         Total |    1022 |   20481 |   4.8 |      20 |     245 |   7.5 | 10178
               +---------+---------+-------+---------+---------+-------+---------
           D:1 |       2 |      23 |   8.0 |       1 |      14 |   6.7 |   572
           D:2 |      16 |      23 |  41.0 |       6 |      11 |  35.3 |   557
           D:3 |       0 |      72 |   0.0 |       0 |      18 |   0.0 |   471
           D:4 |      72 |     495 |  12.7 |       3 |      18 |  14.3 |   991
           D:5 |       0 |    1169 |   0.0 |       0 |      17 |   0.0 |  1142
           D:6 |      13 |     635 |   2.0 |       1 |      16 |   5.9 |   607
           D:7 |       0 |     765 |   0.0 |       0 |      20 |   0.0 |   705
           D:8 |       0 |    1873 |   0.0 |       0 |      27 |   0.0 |  1112
           D:9 |       2 |    2967 |   0.1 |       1 |      21 |   4.5 |   953
          D:10 |     456 |    5876 |   7.2 |       5 |      31 |  13.9 |  1449
          D:11 |     461 |    6289 |   6.8 |       3 |      39 |   7.1 |  1233
        Lair:1 |       0 |     151 |   0.0 |       0 |       1 |   0.0 |    88
         Sewer |       0 |     143 |   0.0 |       0 |      12 |   0.0 |   298
               +---------+---------+-------+---------+---------+-------+---------
